 Dungeon Sprint DCSS version 0.23-a0-636-g0ff6057 (webtiles) character file.

97 Lanoc the Slasher (level 4, -2/44 HPs)
             Began as a Minotaur Monk on Dec 28, 2018.
             Was a Believer of Okawaru.
             Killed from afar by a steam dragon (15 damage)
             ... with a ball of steam
             ... in the Dungeon (Sprint IX: "|||||||||||||||||||||||||||||").
             The game lasted 00:01:16 (199 turns).

Lanoc the Slasher (Minotaur Monk)                    Turns: 199, Time: 00:01:16

Health: -2/44      AC: 11    Str: 16    XL:     4   Next: 42%
Magic:  3/3        EV: 11    Int:  7    God:    Okawaru [**....]
Gold:   0          SH:  0    Dex: 16    Spells: 3/3 levels left

rFire    . . .     SeeInvis .   p - +2 scimitar (flame)
rCold    . . .     Gourm    .   (no shield)
rNeg     . . .     Faith    .   o - +1 chain mail
rPois    .         Spirit   .   (helmet restricted)
rElec    .         Reflect  .   (no cloak)
rCorr    .         Harm     .   a - +0 pair of gloves
MR       .....     NoTele   +   (no boots)
Stlth    ..........             (no amulet)
HPRegen  0.14/turn              q - +3 ring of dexterity
MPRegen  0.08/turn              r - +2 ring of evasion

@: no status effects
A: retaliatory headbutt, horns 2
a: Heroism, Renounce Religion


You were in the Dungeon.
You worshipped Okawaru.
Okawaru was pleased with you.
You were not hungry.

You visited 1 branch

Inventory:

Hand Weapons
 p - a +2 scimitar of flaming (weapon)
Armour
 a - a +0 pair of gloves (worn)
 o - a +1 chain mail (worn)
Jewellery
 q - a +3 ring of dexterity (left hand)
 r - a +2 ring of evasion (right hand)
Wands
 n - a wand of acid (10)
Scrolls
 i - 2 scrolls of blinking
 l - 3 scrolls of remove curse
 m - 2 scrolls of amnesia
Potions
 d - 5 potions of curing
 e - 3 potions of heal wounds
 f - a potion of haste
 g - 4 potions of magic
 h - a potion of berserk rage
 k - a potion of invisibility
Comestibles
 c - a ration
 j - 5 chunks of flesh


   Skills:
 + Level 5.9 Fighting
 * Level 7.6 Long Blades
 + Level 4.4 Armour
 + Level 5.4 Dodging
 - Level 1.5 Stealth


You had 3 spell levels left.
You didn't know any spells.
Your spell library was empty.

Dungeon Overview and Level Annotations

Branches:
Dungeon (1/1)

Altars:
Cheibriados
Dithmenos
Elyvilon
Fedhas
Gozag
Hepliaklqana
Kikubaaqudgha
Makhleb
Nemelex Xobeh
Okawaru
Qazlal
Ru
Sif Muna
Trog
Uskayaw
Vehumet
Wu Jian
Xom
Yredelemnul
Zin
The Shining One
Beogh
Jiyva
Lugonu


Innate Abilities, Weirdness & Mutations

You reflexively headbutt those who attack you in melee.
You have a pair of horns on your head.


Message History

The leopard gecko hisses angrily.
The orc shouts!
You slash the scorpion! You burn the scorpion.
The scorpion is heavily wounded.
The scorpion closely misses you. You furiously retaliate!
You headbutt the scorpion!
You kill the scorpion!
Okawaru is honoured by your kill.
Your Long Blades skill increases to level 7!
Your Armour skill increases to level 4!
Your Dodging skill increases to level 5!
You have reached level 4!
You feel agile. The steam dragon breathes steam at you.
The ball of steam hits you!
* * * LOW HITPOINT WARNING * * *
You are engulfed in a cloud of scalding steam.
You are engulfed in a cloud of scalding steam.
The steam dragon breathes steam at you. The ball of steam hits you!
You die... ▓▓▓▓▓▓▓▓▓▓▓▓▓▓▓▓▓▓▓▓▓▓▓▓▓▓ .ltToD§D§@§§)|..'_________ ▓▓▓▓▓▓▓▓▓▓▓▓▓▓▓▓▓▓▓▓▓▓▓▓▓▓

You could see a steam dragon.

Vanquished Creatures
  A scorpion (D)
  A hound (D)
  An adder (D)
  A leopard gecko (D)
  2 bats (D)
  2 bat skeletons (D)
  2 goblins (D)
  A kobold (D)
11 creatures vanquished.

Notes
Turn   | Place    | Note
-------+----------+-------------------------------------------
     0 | D        | Lanoc the Minotaur Monk began the quest for the Orb.
     0 | D        | Reached XP level 1. HP: 19/19 MP: 0/0
     6 | D        | Reached skill level 4 in Long Blades
     7 | D        | Reached skill level 1 in Armour
   101 | D        | Noticed a hound
   103 | D        | Reached skill level 5 in Long Blades
   103 | D        | Reached XP level 2. HP: 21/28 MP: 1/1
   107 | D        | Reached skill level 5 in Fighting
   107 | D        | Reached skill level 6 in Long Blades
   107 | D        | Reached XP level 3. HP: 17/36 MP: 2/2
   127 | D        | Found a roughly hewn altar of Beogh.
   127 | D        | Found a snail-covered altar of Cheibriados.
   127 | D        | Found a shadowy altar of Dithmenos.
   127 | D        | Found a white marble altar of Elyvilon.
   127 | D        | Found a blossoming altar of Fedhas.
   127 | D        | Found an opulent altar of Gozag.
   128 | D        | Found a hazy altar of Hepliaklqana.
   129 | D        | Found a viscous altar of Jiyva.
   130 | D        | Found an ancient bone altar of Kikubaaqudgha.
   131 | D        | Found a corrupted altar of Lugonu.
   132 | D        | Found a burning altar of Makhleb.
   133 | D        | Found a sparkling altar of Nemelex Xobeh.
   134 | D        | Found an iron altar of Okawaru.
   135 | D        | Found a stormy altar of Qazlal.
   136 | D        | Found a sacrificial altar of Ru.
   137 | D        | Found a deep blue altar of Sif Muna.
   138 | D        | Found a bloodstained altar of Trog.
   139 | D        | Found a hide-covered altar of Uskayaw.
   140 | D        | Found a radiant altar of Vehumet.
   141 | D        | Found an ornate altar of the Wu Jian Council.
   142 | D        | Became a worshipper of Warmaster Okawaru
   142 | D        | Reached * piety under Okawaru
   142 | D        | Reached ** piety under Okawaru
   143 | D        | Found a shimmering altar of Xom.
   144 | D        | Found a basalt altar of Yredelemnul.
   145 | D        | Found a glowing silver altar of Zin.
   146 | D        | Found a glowing golden altar of the Shining One.
   163 | D        | Got the +4 quarterstaff of Eternal Night {crush, Dex+4}
   194 | D        | Noticed a crocodile
   194 | D        | Noticed a troll
   194 | D        | Noticed a steam dragon
   194 | D        | Noticed a scorpion
   195 | D        | Killed a scorpion
   195 | D        | Reached skill level 7 in Long Blades
   195 | D        | Reached skill level 5 in Dodging
   195 | D        | Reached XP level 4. HP: 21/44 MP: 3/3
   199 | D        | Killed from afar by a steam dragon

Vault maps used:
D:        linesprint

Skill      XL: |  1  2  3 |
---------------+----------+-----
Long Blades    | 5 6 7 |  7.6
Armour         | 2 3 4 |  4.4
Fighting       | 4 5 |  5.9
Dodging        | 4 5 |  5.4
Stealth        | |  1.5

Action                   |  1- 3 |  4- 6 || total
-------------------------+-------+-------++-------
Melee: Falchion          |    24 |       ||    24
       Headbutt          |     6 |       ||     6
       Scimitar          |     1 |       ||     1
Armor: Robe              |     8 |       ||     8
       Chain mail        |       |     2 ||     2
Dodge: Dodged            |    19 |       ||    19
       Rpst.: Falchion   |     5 |       ||     5

Table legend:
 A = Non-vault XP
 B = Vault XP
 C = Vault XP percentage of total XP
 D = Non-vault monster count
 E = Vault monster count
 F = Vault count percentage of total count
                 A         B        C        D         E       F
            +---------+---------+-------+---------+---------+-------
      Total |       0 |     139 | 100.0 |       0 |      11 | 100.0
            +---------+---------+-------+---------+---------+-------
          D |       0 |     139 | 100.0 |       0 |      11 | 100.0
            +---------+---------+-------+---------+---------+-------
